Map: Frozen Temple

Players

gblin - Winner!

  • Race: Zerg Zerg

Gracz

  • Race: Zerg Zerg
  • League: Bronze

VOD

Have the link to the VOD?

Description

Time

  • Played on: Aug. 28, 2016, 5:54 p.m.
  • Length: 15:07
Show
View Real Time Build Order
Export as new Build Order

gblin Zerg - Winner!

Build Orders: Hatch First 

Get SALT Encoding   

  12  0:04  Drone  
  13  0:13  Overlord  
  13  0:18  Drone  
  14  0:33  Drone  
  14  0:34  Drone  
  16  0:53  Hatchery  
  16  0:54  Drone  
  16  0:57  Extractor  
  16  1:00  Drone  
  16  1:16  Spawning Pool  
  15  1:19  Drone  
  16  1:33  Drone x2  
  16  1:34  Drone  
  19  1:45  Overlord  
  19  2:28  Drone x2  
  19  2:29  Drone x4  
  25  2:36  Spine Crawler  
  24  2:57  Zergling x8  
  28  3:04  Queen x2  
  32  3:06  Metabolic Boost  
  32  3:17  Zergling x8  
  36  3:26  Overlord x2  
  36  3:53  Drone  
  36  3:54  Drone x3  
  39  4:08  Drone x3  
  39  4:09  Drone  
  43  4:23  Zergling x4  
  45  4:29  Baneling Nest  
  44  4:32  Overlord x2  
  44  4:36  Queen x2  
  44  4:38  Zergling x6  
  51  5:04  Drone x3  
  51  5:06  Drone x3  
  57  5:11  Zergling x8  
  57  5:12  Zergling x4  
  63  5:19  Spine Crawler  
  62  5:22  Spine Crawler  
  61  5:34  Drone x3  
  61  5:35  Drone  
  65  5:36  Zergling x2  
  65  5:40  Extractor  
  65  5:43  Extractor  
  65  5:46  Lair  
  61  6:27  Zergling x14  
  61  6:29  Overlord x4  
  61  6:30  Overlord  
  68  6:46  Infestation Pit  
  67  6:47  Overlord x4  
  67  6:48  Overlord  
  67  6:56  Zergling x4  
  67  6:57  Zergling x2  
  70  7:05  Zergling x4  
  72  7:30  Hatchery  
  72  7:36  Baneling  
  71  7:39  Baneling x5  
  71  7:40  Baneling  
  71  7:43  Infestor x2  
  75  7:57  Hive  
  75  8:03  Extractor x2  
  75  8:05  Zergling x6  
  74  8:06  Zergling x16  
  74  8:12  Evolution Chamber  
  83  8:13  Drone x2  
  85  8:50  Drone x8  
  93  9:34  Drone x2  
  93  9:35  Drone  
  93  9:36  Drone x3  
  99  9:42  Ultralisk Cavern  
  99  9:44  Zerg Ground Armor Level 1  
  98  9:50  Zergling x6  
  98  9:51  Zergling x6  
  104  10:12  Baneling  
  104  10:29  Ultralisk  
  104  10:30  Ultralisk x6  
  104  10:35  Zergling x2  
  147  10:36  Zergling x2  
  148  10:58  Queen  
  148  10:59  Queen x2  
  154  11:05  Overlord x4  
  154  11:06  Overlord  
  154  11:10  Baneling x2  
  154  11:11  Baneling x2  
  133  12:20  Zergling x2  
  133  12:21  Zergling x16  
  127  12:43  Queen x2  
  127  12:44  Queen  
  109  13:03  Zergling x22  
  87  13:34  Overlord x3  
  81  13:40  Overlord x3  
  79  13:43  Spore Crawler  
  79  13:46  Spore Crawler  
  77  13:49  Spore Crawler  
  77  13:51  Spore Crawler  
  75  14:02  Infestor x2  
  75  14:03  Infestor x2  
  83  14:16  Ultralisk x3  
  83  14:17  Ultralisk x2  
  108  14:49  Zergling x6  
  108  14:50  Zergling x12  
Show
View Real Time Build Order
Export as new Build Order

Gracz Zerg 

Build Orders: Pool First 

Get SALT Encoding   

  12  0:28  Drone x2  
  14  0:32  Extractor  
  14  0:46  Extractor  
  14  0:47  Drone  
  15  1:15  Spawning Pool  
  14  1:23  Extractor  
  14  1:24  Overlord x2  
  14  1:25  Drone  
  14  1:26  Hatchery  
  13  2:10  Roach Warren  
  13  2:14  Drone x3  
  15  2:39  Queen  
  15  2:41  Zergling x2  
  15  2:42  Zergling x2  
  19  3:09  Roach  
  19  3:10  Roach x2  
  25  3:13  Zergling x6  
  28  3:41  Extractor  
  28  3:42  Metabolic Boost  
  28  3:44  Roach x2  
  28  3:46  Drone x3  
  34  4:05  Drone  
  35  4:11  Overlord x2  
  33  4:55  Ravager x4  
  37  5:03  Drone x2  
  37  5:04  Drone  
  37  5:05  Extractor  
  39  5:13  Ravager  
  40  5:18  Roach x2  
  40  5:20  Drone  
  45  5:23  Extractor  
  44  6:16  Drone x3  
  47  6:25  Overlord  
  47  6:33  Roach x2  
  47  6:37  Lair  
  51  6:46  Ravager x2  
  53  6:49  Drone x3  
  56  7:03  Queen  
  58  7:13  Drone x2  
  60  7:45  Spire  
  60  7:49  Overlord  
  60  7:50  Overlord  
  59  8:11  Glial Reconstitution  
  59  8:14  Roach x2  
  59  8:15  Roach  
  59  8:16  Roach x3  
  71  8:44  Drone x2  
  71  8:46  Drone x2  
  75  9:03  Overlord x3  
  75  9:36  Drone x2  
  75  9:37  Drone  
  78  9:49  Hatchery  
  77  10:10  Mutalisk x5  
  77  10:11  Mutalisk  
  77  10:12  Mutalisk  
  91  10:15  Overlord  
  91  10:45  Drone x3  
  94  11:11  Drone  
  95  11:45  Mutalisk x5  
  95  11:46  Drone  
  106  11:48  Overlord x2  
  58  12:28  Roach  
  58  12:29  Roach x2  
  24  13:28  Drone  
  24  13:29  Drone x2  
  23  13:45  Hatchery  
  22  13:55  Hatchery  
Tags
 
Add a new tag
Caveats
  • Supply blocks, unpowered buildings, or Contaminate may cause inaccurate times.
  • Supply counts are checked every 10 seconds.